 Dungeon Crawl Stone Soup version 0.31-a0-986-g5e6e4ef867 (webtiles) character file.

Game seed: 15414578789361144047

737 Fodor the Covered (level 7, -15/62 HPs)
             Began as a Minotaur Fighter on Nov 19, 2023.
             Was an Initiate of Gozag.
             Killed from afar by Maggie (23 damage)
             ... with a bolt of fire
             ... on level 6 of the Dungeon.
             The game lasted 00:19:11 (3461 turns).

Fodor the Covered (Minotaur Fighter)                Turns: 3461, Time: 00:19:12

Health: -15/62     AC: 12    Str: 22    XL:     7   Next: 46%
Magic:  6/6        EV:  8    Int:  5    God:    Gozag
Gold:   234        SH:  4    Dex: 10    Spells: 6/6 levels left

rFire   . . .        A - +2 trident (heavy)
rCold   . . .        c - +0 buckler
rNeg    . . .        l - +0 chain mail
rPois   .            (helmet restricted)
rElec   .            (no cloak)
rCorr   +            m - +0 pair of gloves
SInv    +            y - +0 pair of boots
Will    .....        (no amulet) Stlth
                     p - ring of see invisible
HPRegen 0.30/turn    B - ring of resist corrosion
MPRegen 0.10/turn

%: no passive effects
@: mesmerised, hasted, very quick
A: horns 2, retaliatory headbutt
a: Renounce Religion, Potion Petition, Call Merchant, Bribe Branch


You were on level 6 of the Dungeon.
You worshipped Gozag.
Gozag was aware of your devotion.
You visited 2 branches of the dungeon, and saw 7 of its levels.

You collected 317 gold pieces.
You paid 83 gold pieces to Gozag.

Inventory:

Hand Weapons
 a - a +0 war axe
 A - a +2 heavy trident (weapon)
Missiles
 h - 7 boomerangs (quivered)
Armour
 c - a +0 buckler (worn)
 l - a +0 chain mail (worn)
 m - a +0 pair of gloves (worn)
 y - a +0 pair of boots (worn)
Jewellery
 p - a ring of see invisible (left hand)
 B - a ring of resist corrosion (right hand)
Wands
 t - a wand of digging (4)
Scrolls
 e - a scroll of poison {unknown}
 f - a scroll of torment {unknown}
 j - 2 scrolls of revelation {unknown}
 k - 5 scrolls of teleportation {unknown}
 n - a scroll of enchant armour {unknown}
 q - a scroll of immolation {unknown}
 r - a scroll of fear {unknown}
 v - a scroll of noise {unknown}
 x - a scroll of summoning {unknown}
Potions
 b - 2 potions of heal wounds {unknown}
 d - 2 potions of might
 g - a potion of ambrosia {unknown}
 i - a potion of brilliance {unknown}
 o - a potion of attraction {unknown}
 s - 3 potions of haste
 u - 2 potions of enlightenment {unknown}
 w - a potion of mutation {unknown}
 z - a potion of magic {unknown}
 C - a potion of curing {unknown}


   Skills:
 + Level 5.8 Fighting
 + Level 5.4(6.1) Axes
 + Level 4.0(5.4) Polearms
 + Level 1.4 Throwing
 + Level 5.9 Armour
 + Level 0.6 Dodging
 + Level 4.3 Shields


You had 6 spell levels left.
You didn't know any spells.
Your spell library contained the following spells:

 Spells                   Type           Power      Damage    Failure   Level
 Magic Dart               Conj           0%         1d3       98%         1
 Necrotise                Necr           0%         1d4       98%         1
 Slow                     Hex            0%         N/A       98%         1
 Summon Small Mammal      Summ           0%         N/A       98%         1
 Call Imp                 Summ           0%         N/A       99%         2
 Call Canine Familiar     Summ           0%         N/A       100%        3
 Confusing Touch          Hex            0%         N/A       100%        3
 Mephitic Cloud           Conj/Pois/Air  0%         N/A       100%        3
 Sigil of Binding         Hex            0%         N/A       100%        3
 Summon Guardian Golem    Hex/Summ       0%         N/A       100%        3
 Vampiric Draining        Necr           0%         2d6       100%        3
 Agony                    Necr           0%         N/A       100%        5


Dungeon Overview and Level Annotations

Branches:
Dungeon (6/15)             Temple (1/1) D:5

Altars:
Ashenzari
Cheibriados
Dithmenos
Elyvilon
Gozag
Hepliaklqana
Kikubaaqudgha
Makhleb
Nemelex Xobeh
Okawaru
Qazlal
Ru
Sif Muna
Trog
Uskayaw
Vehumet
Xom
Yredelemnul
Zin

Annotations:
D:6 Maggie


Innate Abilities, Weirdness & Mutations

You have a pair of horns on your head.
You reflexively headbutt those who attack you in melee.


Message History

Maggie is moderately wounded.
Maggie casts a spell.
Maggie draws you further into her thrall.
Maggie hits you but does no damage.
You hit Maggie but do no damage. You headbutt Maggie.
Maggie is moderately wounded.
Maggie zaps a wand.
The roots erupt in riotous growth!
The grasping roots grab you!
Maggie is unaffected.
The grasping roots constrict you.
You barely miss Maggie. Your headbutt misses Maggie.
Maggie is moderately wounded.
Maggie barely misses you. The grasping roots constrict you.
Maggie hits you with a +2 morningstar of flaming.
Maggie burns you. The grasping roots constrict you.
You puncture Maggie!
Maggie is heavily wounded.
You block Maggie's attack. The grasping roots constrict you.
The grasping roots release their grip on you.
You closely miss Maggie.
Maggie is heavily wounded.
Maggie barely misses you.
Maggie zaps a wand.
The roots erupt in riotous growth!
The grasping roots grab you!
Maggie is unaffected.
The grasping roots constrict you.
You puncture Maggie! You headbutt Maggie.
Maggie is severely wounded.
Maggie hits you with a +2 morningstar of flaming.
Maggie burns you. The grasping roots constrict you.
* * * LOW HITPOINT WARNING * * *
Maggie hits you with a +2 morningstar of flaming.
* * * LOW HITPOINT WARNING * * *
Maggie burns you.
* * * LOW HITPOINT WARNING * * *
The grasping roots constrict you.
The grasping roots release their grip on you.
It was a potion of haste.
You feel yourself speed up. Maggie casts a spell at you.
The bolt of fire hits you!!
You die...
Your body crumbles into a pile of gold.

######.......#
###...###.....##
#.+....###...##
#.#....# ###.##
#.#....#####..#
#.#....#......#
#.##.....######
#@#..#####
#@#.## #...#
#..## #..## #..#
#..# ...# >.###
###


You could see Maggie (mesmerising).

Vanquished Creatures
  An ogre (D:5)
  4 scorpions
  2 orc priests
  A jelly (D:5)
  An iguana (D:5)
  2 orc wizards
  11 adders
  4 gnolls (D:5)
  A worm (D:3)
  6 dart slugs
  13 orcs
  2 ball pythons
  13 bats
  7 endoplasms
  4 giant cockroaches
  7 goblins
  8 hobgoblins
  3 jackals (D:5)
  2 quokkas
  A frilled lizard (D:2)
  4 kobolds
  3 rats
100 creatures vanquished.

Notes
Turn   | Place    | Note
-------+----------+-------------------------------------------
     0 | D:1      | Fodor the Minotaur Fighter began the quest for the Orb.
     0 | D:1      | Reached XP level 1. HP: 19/19 MP: 0/0
   155 | D:1      | Reached XP level 2. HP: 22/27 MP: 1/1
   285 | D:1      | Found a faded altar of an unknown god.
   902 | D:2      | Reached XP level 3. HP: 33/33 MP: 2/2
   977 | D:2      | Found a shimmering altar of Xom.
  1317 | D:2      | Reached XP level 4. HP: 33/40 MP: 3/3
  1651 | D:3      | Reached XP level 5. HP: 47/47 MP: 4/4
  1832 | D:3      | Reached skill level 5 in Axes
  2156 | D:4      | Reached skill level 5 in Fighting
  2156 | D:4      | Reached skill level 1 in Polearms
  2371 | D:4      | Reached XP level 6. HP: 50/56 MP: 5/5
  2527 | D:4      | Reached skill level 1 in Throwing
  2838 | D:5      | Entered Level 5 of the Dungeon
  2855 | D:5      | Reached skill level 5 in Armour
  3071 | D:5      | Reached XP level 7. HP: 46/61 MP: 6/6
  3304 | D:5      | Found a staircase to the Ecumenical Temple.
  3333 | Temple   | Entered the Ecumenical Temple
  3340 | Temple   | Became a worshipper of Gozag Ym Sagoz the Greedy
  3449 | D:6      | Noticed Maggie
  3461 | D:6      | Killed from afar by Maggie

Illustrated notes

Levels and vault maps discovered:
D:1:      reono_arrival_mine, layout_loops_ring,
          shapermc_ecumenical_altar_acropolis, amcnicky_mini_pool_small
D:2:      kennysheep_six_static_rooms, layout_basic, basic_altar
D:3:      layout_rooms
D:4:      layout_loops_ring
D:5:      layout_rooms, minmay_temple_entry_overgrown
D:6:      layout_basic, serial_shops, shop, roderic_batcave, uniq_pikel,
          uniq_maggie, uniq_edmund
Temple:   hellmonk_temple_of_storms

Skill      XL: |  1  2  3  4  5  6  7 |
---------------+----------------------+-----
Fighting       | 4 5 |  5.8
Shields        | 4 |  4.3
Axes           | 3 4 5 |  5.4
Armour         | 4 5 |  5.9
Polearms       | 1 3 4 |  4.0
Throwing       | 1 |  1.4
Dodging        | |  0.6

Action                     |  1- 3 |  4- 6 |  7- 9 || total
---------------------------+-------+-------+-------++-------
  Melee: War axe           |    45 |    21 |       ||    66
         Headbutt          |     7 |    14 |     7 ||    28
         Trident           |       |    69 |    34 ||   103
  Throw: Boomerang         |     2 |    21 |     2 ||    25
    Use: Potion            |       |       |     1 ||     1
 Armour: Scale mail        |    16 |       |       ||    16
         Chain mail        |    18 |    81 |    57 ||   156
  Dodge: Dodged            |    18 |    51 |    27 ||    96
  Block: Buckler           |     4 |    18 |    10 ||    32

Table legend: (Time is in decaauts)
 A = Elapsed time spent in this place.
 B = Non-inter-level travel time spent in this place.
 C = Inter-level travel time spent in this place.
 D = Time resting spent in this place.
 E = Time spent auto-exploring this place.
 F = Levels seen in this place.
 G = Mean time per level.
                   A        B        C        D        E       F      G
               +--------+--------+--------+--------+--------+-----+--------+
         Total |   3523 |   3391 |    132 |     98 |      0 |   7 |  503.3 |
       Dungeon |   3508 |   3376 |    132 |     98 |      0 |   6 |  584.7 |
        Temple |     14 |     14 |      0 |      0 |      0 |   1 |   14.0 |
               +--------+--------+--------+--------+--------+-----+--------+

Top non-repeatable levels by time:
     D:2: 875 daAuts
     D:1: 755 daAuts
     D:4: 690 daAuts
     D:5: 563 daAuts
     D:3: 550 daAuts
     D:6: 72 daAuts
  Temple: 14 daAuts
